 Dungeon Crawl Stone Soup version 0.25.1-8-g42b30a86e7 (webtiles) character file.

Game seed: 2570393460772580948

1034 hehateme the Fighter (level 8, -1/89 HPs)
             Began as an Ogre Fighter on Dec 17, 2020.
             Was a Follower of Okawaru.
             Slain by a quasit (3 damage)
             ... on level 4 of the Dungeon.
             The game lasted 00:14:27 (7656 turns).

hehateme the Fighter (Ogre Fighter)                 Turns: 7656, Time: 00:14:28

Health: -1/89      AC:  3    Str: 23    XL:     8   Next: 24%
Magic:  8/8        EV:  1    Int:  9    God:    Okawaru [*.....]
Gold:   14         SH:  0    Dex: -4 (8) Spells: 7/7 levels left

rFire    . . .     SeeInvis .   a - +0 war axe
rCold    . . .     Gourm    .   c - +0 kite shield
rNeg     . . .     Faith    .   b - +0 robe
rPois    .         Spirit   .   (helmet restricted)
rElec    .         Reflect  .   (no cloak)
rCorr    .         Harm     .   (gloves unavailable)
MR       .....                  (boots unavailable)
Stlth    ..........             (no amulet)
HPRegen  0.24/turn              (no ring)
MPRegen  0.11/turn              (no ring)

@: slowed, lost dexterity, very slow
A: large, unfitting armour, tough skin 1
a: Heroism, Renounce Religion


You were on level 4 of the Dungeon.
You worshipped Okawaru.
Okawaru was aware of your devotion.
You were hungry.

You visited 1 branch of the dungeon, and saw 5 of its levels.

You collected 234 gold pieces.
You spent 220 gold pieces at shops.

Inventory:

Hand Weapons
 a - a +0 war axe (weapon)
 y - a +3 whip
   (You found it on level 4 of the Dungeon)
Armour
 b - a +0 robe (worn)
 c - a +0 kite shield (worn)
Jewellery
 e - a +6 ring of dexterity {unknown}
   (You found it on level 1 of the Dungeon)
 s - an uncursed ring of resist corrosion {unknown}
   (You found it on level 3 of the Dungeon)
 w - an uncursed ring of ice {unknown}
   (You found it on level 4 of the Dungeon)
 A - an uncursed ring of wizardry {unknown}
   (You found it on level 4 of the Dungeon)
Wands
 z - a wand of random effects (13)
   (You found it on level 4 of the Dungeon)
Scrolls
 g - 6 scrolls of teleportation {unknown}
 h - 11 scrolls of identify {unknown}
 k - a scroll of blinking {unknown}
 m - 2 scrolls of enchant armour {unknown}
 q - a scroll of immolation {unknown}
 r - 2 scrolls of noise {unknown}
 t - a scroll of remove curse {unknown}
 u - a scroll of fear {unknown}
 v - 2 scrolls of magic mapping {unknown}
 x - a scroll of amnesia {unknown}
Potions
 d - a potion of haste
 i - 3 potions of mutation {unknown}
 j - 3 potions of ambrosia {unknown}
 l - a potion of magic {unknown}
 n - a potion of brilliance {unknown}
 o - 2 potions of flight {unknown}
 p - 4 potions of curing {unknown}
Comestibles
 f - 5 rations


   Skills:
 - Level 8.5 Fighting
 - Level 2.2 Axes
 - Level 2.8 Dodging
 + Level 7.1 Shields


You had 7 spell levels left.
You didn't know any spells.
Your spell library was empty.

Dungeon Overview and Level Annotations

Branches:
Dungeon (5/15)             Temple (0/1) D:5

Altars:
Nemelex Xobeh
Okawaru
Uskayaw
Vehumet

Shops:
D:4 (   D:5 !

Annotations:
D:2 Terence
D:3 1 runed translucent door, Crazy Yiuf


Innate Abilities, Weirdness & Mutations

You are too large for most types of armour.
You have tough skin. (AC +1)


Message History

You hit the quasit.
The quasit bites you but does no damage.
The quasit closely misses you.
The quasit claws you but does no damage.
You block the quasit's attack.
The quasit claws you but does no damage.
The quasit claws you.
* * * LOW HITPOINT WARNING * * *
You feel clumsy.
You take 2 damage, and have 21/89 hp.
You barely miss the quasit. The quasit barely misses you.
The quasit claws you but does no damage. x2
You block the quasit's attack. The quasit claws you.
* * * LOW HITPOINT WARNING * * *
The quasit misses you.
You take 1 damage, and have 20/89 hp.
You closely miss the quasit. You block the quasit's attack.
The quasit claws you but does no damage.
You block the quasit's attack. The quasit bites you.
* * * LOW HITPOINT WARNING * * *
The quasit claws you but does no damage.
The quasit barely misses you.
You take 1 damage, and have 19/89 hp.
You closely miss the quasit. The quasit bites you.
* * * LOW HITPOINT WARNING * * *
You block the quasit's attack. The quasit closely misses you.
The quasit bites you but does no damage.
The quasit barely misses you.
The quasit claws you but does no damage.
You take 2 damage, and have 17/89 hp.
You barely miss the quasit. The quasit bites you.
* * * LOW HITPOINT WARNING * * *
The quasit barely misses you. You block the quasit's attack.
The quasit barely misses you.
The quasit claws you but does no damage. x2
You take 1 damage, and have 16/89 hp.
You closely miss the quasit. The quasit barely misses you.
The quasit claws you.
* * * LOW HITPOINT WARNING * * *
The quasit claws you.
* * * LOW HITPOINT WARNING * * *
You feel clumsy. You block the quasit's attack. The quasit claws you.
* * * LOW HITPOINT WARNING * * *
You feel clumsy. The quasit claws you.
* * * LOW HITPOINT WARNING * * *
You take 6 damage, and have 10/89 hp.
You barely miss the quasit. The quasit bites you.
* * * LOW HITPOINT WARNING * * *
The quasit barely misses you. The quasit claws you.
* * * LOW HITPOINT WARNING * * *
You take 2 damage, and have 8/89 hp.
Unknown command.
You miss the quasit. You block the quasit's attack. The quasit claws you.
* * * LOW HITPOINT WARNING * * *
You feel clumsy.
You have lost your dexterity.
The quasit claws you but does no damage.
The quasit bites you but does no damage.
The quasit claws you but does no damage. x2
The quasit bites you but does no damage.
The quasit claws you.
* * * LOW HITPOINT WARNING * * *
The quasit claws you but does no damage.
The quasit bites you but does no damage.
The quasit claws you.
* * * LOW HITPOINT WARNING * * *
The quasit claws you but does no damage.
The quasit bites you but does no damage.
The quasit claws you but does no damage.
The quasit claws you.
* * * LOW HITPOINT WARNING * * *
You feel clumsy. The quasit bites you.
* * * LOW HITPOINT WARNING * * *
You feel clumsy.
The quasit claws you but does no damage. x2
You can move again.
You take 4 damage, and have 4/89 hp.
Unknown command.
Unknown command.
You closely miss the quasit.
The quasit bites you but does no damage.
The quasit claws you but does no damage. x2
The quasit bites you but does no damage.
The quasit claws you but does no damage.
The quasit claws you.
* * * LOW HITPOINT WARNING * * *
You feel clumsy.
The quasit bites you but does no damage.
The quasit claws you but does no damage. x2
You take 1 damage, and have 3/89 hp.
You barely miss the quasit. The quasit bites you.
* * * LOW HITPOINT WARNING * * *
You feel clumsy. The quasit completely misses you.
The quasit claws you but does no damage.
The quasit bites you.
You die...

##.......## ##.# ###.....
#........## ##.#####.......
##........## ##........#...##
#.<...#...#####.......###...#
#.....###...#...#.....# ##..##
#....##........###....# ##..#
#..)............##...## #..#
#...[........5[..#...## #^..
#......<.....@........## ##..
##................###...####...
#................## ##.........
#................# #...ยง..##.
##...............# #..##..##.
#...............## #..###..##
#...........###..## #.## #..##
###...##.#...###..###.# ##..#
##.#####...# ##..#..# #..#


You could see a quasit.

Vanquished Creatures
  2 phantoms
  An ogre (D:4)
  2 centaurs (D:5)
  A scorpion (D:3)
  A howler monkey (D:3)
  A crimson imp (D:5)
  4 orc wizards
  A hound (D:3)
  2 orc priests (D:3)
  Natasha (thrice) (D:3)
  A worker ant (D:5)
  7 adders
  An ooze (D:4)
  An adder zombie (D:5)
  6 worms
  3 dart slugs (D:1)
  2 leopard geckos (D:3)
  18 orcs
  2 ball pythons
  5 bats (D:2)
  16 giant cockroaches
  4 goblins
  2 hobgoblins (D:1)
  4 jackals (D:3)
  2 kobolds
  3 quokkas
  4 frilled lizards
  A giant cockroach zombie (D:5)
  A leopard gecko skeleton (D:5)
  5 rats
106 creatures vanquished.

Notes
Turn   | Place    | Note
-------+----------+-------------------------------------------
     0 | D:1      | hehateme the Ogre Fighter began the quest for the Orb.
     0 | D:1      | Reached XP level 1. HP: 24/24 MP: 1/1
   455 | D:1      | Reached XP level 2. HP: 30/32 MP: 2/2
   972 | D:2      | Reached skill level 5 in Fighting
   972 | D:2      | Reached XP level 3. HP: 42/42 MP: 3/3
  1541 | D:2      | Noticed Terence
  1853 | D:3      | Noticed Natasha
  2273 | D:3      | Reached XP level 4. HP: 50/52 MP: 4/4
  2346 | D:3      | Found a sparkling altar of Nemelex Xobeh.
  2347 | D:3      | Found a radiant altar of Vehumet.
  2347 | D:3      | Found a hide-covered altar of Uskayaw.
  2347 | D:3      | Found an iron altar of Okawaru.
  2352 | D:3      | Reached skill level 6 in Fighting
  2366 | D:3      | Became a worshipper of Warmaster Okawaru
  3136 | D:3      | Killed Natasha
  3333 | D:3      | Found a runed translucent door.
  3334 | D:3      | Noticed Crazy Yiuf
  3705 | D:3      | Reached XP level 5. HP: 61/61 MP: 5/5
  3706 | D:3      | Reached skill level 7 in Fighting
  3835 | D:3      | Noticed Natasha
  3848 | D:3      | Killed Natasha
  3867 | D:3      | Noticed Natasha
  3872 | D:3      | Killed Natasha
  3915 | D:3      | Reached skill level 8 in Fighting
  4381 | D:4      | Found Ogruarou's Antique Weapon Shop.
  4419 | D:3      | Reached XP level 6. HP: 50/74 MP: 6/6
  4624 | D:4      | Reached skill level 3 in Shields
  5487 | D:3      | Reached * piety under Okawaru
  5487 | D:3      | Reached skill level 4 in Shields
  5489 | D:3      | Reached XP level 7. HP: 59/81 MP: 7/7
  6176 | D:5      | Entered Level 5 of the Dungeon
  6243 | D:4      | HP: 6/81 [ogre/cursed -3 giant club (24)]
  6247 | D:4      | Reached skill level 5 in Shields
  7332 | D:5      | Found a staircase to the Ecumenical Temple.
  7406 | D:5      | Reached skill level 6 in Shields
  7430 | D:5      | Found Bozuo's Distillery.
  7440 | D:5      | Bought a potion of heal wounds for 55 gold pieces
  7440 | D:5      | Bought a potion of haste for 110 gold pieces
  7440 | D:5      | Bought a potion of berserk rage for 55 gold pieces
  7581 | D:5      | Reached XP level 8. HP: 40/89 MP: 8/8
  7589 | D:5      | HP: 14/89 [centaur/arrow (13)]
  7596 | D:5      | HP: 21/89 [centaur/arrow (6)]
  7601 | D:5      | Reached skill level 7 in Shields
  7602 | D:5      | HP: 15/133 [orc wizard/+0 dagger (2)]
  7614 | D:5      | HP: 10/89 [adder skeleton (4)]
  7644 | D:4      | HP: 21/89 [quasit (2)]
  7649 | D:4      | HP: 15/89 [quasit (1)]
  7651 | D:4      | HP: 7/89 [quasit (1)]
  7651 | D:4      | Lost dexterity.
  7655 | D:4      | HP: 3/89 [quasit (1)]
  7656 | D:4      | Slain by a quasit

Illustrated notes

Levels and vault maps discovered:
D:1:      minmay_arrival_four_circles, layout_basic,
          minmay_misc_feat_secret_circle, minmay_tromino_v4_c
D:2:      layout_basic, first_ration, uniq_terence
D:3:      minmay_roachtagon, layout_loops_ring, grunt_temple_overflow_open,
          gup_sewer_entry_pipe, uniq_crazy_yiuf_cottage, uniq_natasha
D:4:      layout_layer_cave, serial_shops, nicolae_shop_crystal,
          nicolae_underground_beach
D:5:      layout_cave_pools, minmay_temple_entry_waves, serial_shops,
          nicolae_shop_stone, serial_park_tiny_pond, minmay_misc_feat_ornament,
          st_stairs_13

Skill      XL: |  1  2  3  4  5  6  7  8 |
---------------+-------------------------+-----
Fighting       | 5 6 8 |  8.5
Shields        | 4 6 7 |  7.1
Axes           | |  2.2
Dodging        | |  2.8

Action                   |  1- 3 |  4- 6 |  7- 9 || total
-------------------------+-------+-------+-------++-------
Melee: War axe           |   112 |   180 |    78 ||   370
       Whip              |       |       |    72 ||    72
  Use: Potion            |       |     1 |     4 ||     5
 Stab: Invisible         |       |       |     1 ||     1
  Eat: Chunk             |     2 |     5 |     4 ||    11
       Ration            |     1 |     1 |     1 ||     3
Armor: Robe              |    33 |    46 |    59 ||   138
Dodge: Dodged            |    46 |    79 |    47 ||   172
Block: Kite shield       |    66 |   109 |    87 ||   262

Levels and vault maps discovered:
D:1:      minmay_arrival_four_circles, layout_basic,
          minmay_misc_feat_secret_circle, minmay_tromino_v4_c
D:2:      layout_basic, first_ration, uniq_terence
D:3:      minmay_roachtagon, layout_loops_ring, grunt_temple_overflow_open,
          gup_sewer_entry_pipe, uniq_crazy_yiuf_cottage, uniq_natasha
D:4:      layout_layer_cave, serial_shops, nicolae_shop_crystal,
          nicolae_underground_beach
D:5:      layout_cave_pools, minmay_temple_entry_waves, serial_shops,
          nicolae_shop_stone, serial_park_tiny_pond, minmay_misc_feat_ornament,
          st_stairs_13

Table legend:
 A = Turns spent in this place as a percentage of turns spent in the entire game.
 B = Non-inter-level travel turns spent in this place as a percentage of non-inter-level travel turns spent in the entire game.
 C = Inter-level travel turns spent in this place as a percentage of turns spent in this place.
 D = Turns resting spent in this place as a percentage of non-inter-level travel turns spent in this place.
 E = Turns spent auto-exploring this place as a percentage of non-inter-level travel turns spent in this place.
 F = Non-inter-level travel turns spent in this place divided by the number of levels of this place that you've seen.
                   A       B       C       D       E      F
               +-------+-------+-------+-------+-------+----------------------
         Total | 100.0 | 100.0 |   6.7 |  33.0 |  48.3 | 1428.0
       Dungeon | 100.0 | 100.0 |   6.7 |  33.0 |  48.3 | 1428.0
               +-------+-------+-------+-------+-------+----------------------

Table legend:
 A = Kills in this place as a percentage of kills in entire the game.
 B = Kills by you in this place as a percentage of kills by you in the entire game.
 C = Kills by friends in this place as a percentage of kills by friends in the entire game.
 D = Other kills in this place as a percentage of other kills in the entire game.
 E = Experience gained in this place as a percentage of experience gained in the entire game.
 F = Experience gained in this place divided by the number of levels of this place that you have seen.
                   A       B       C       D       E      F
               +-------+-------+-------+-------+-------+----------------------
         Total | 100.0 | 100.0 |   N/A |   N/A | 100.0 | 295.6
       Dungeon | 100.0 | 100.0 |   N/A |   N/A | 100.0 | 295.6
               +-------+-------+-------+-------+-------+----------------------
